 Dungeon Crawl Stone Soup version 0.31-a0-1172-g9944ec47dd (webtiles) character file.

Game seed: 16256064166942997910

522 qw the Protected (level 7, -4/43 HPs)
             Began as a Gargoyle Hunter on Dec 10, 2023.
             Slain by an ogre
             ... wielding a +0 giant club
              (19 damage)
             ... on level 5 of the Dungeon.
             The game lasted 00:01:08 (2832 turns).

qw the Protected (Gargoyle Hunter)                  Turns: 2832, Time: 00:01:09

Health: -4/43      AC: 15    Str: 14    XL:     7   Next: 22%
Magic:  7/7        EV: 11    Int: 10    God:
Gold:   40         SH:  0    Dex: 21    Spells: 6/6 levels left

rFire   . . .        g - +0 longbow
rCold   . . .        (shield currently unavailable)
rNeg    + . .        b - +0 ring mail
rPois   inf          p - +0 helmet
rElec   +            (no cloak)
rCorr   .            k - +0 pair of gloves
SInv    .            (no boots)
Will    .....        f - amulet of faith
Stlth   +            j - +6 ring of dexterity
HPRegen 0.27/turn    (no ring)
MPRegen 0.10/turn

%: faith
@: marked
A: sickness immunity, AC +4, negative energy resistance 1, electricity
resistance, torment resistance 1, petrification resistance
a: no special abilities


You were on level 5 of the Dungeon.
You visited 1 branch of the dungeon, and saw 5 of its levels.

You collected 199 gold pieces.
You spent 159 gold pieces at shops.


Innate Abilities, Weirdness & Mutations

You are immune to sickness and miasma.
Your stone body is resilient. (AC +4)
You are immune to poison.
You resist negative energy. (rN+)
You are resistant to electric shocks. (rElec)
You are resistant to unholy torment.
You are immune to petrification.


   Skills:
 - Level 4.0 Fighting
 + Level 6.2 Ranged Weapons
 - Level 11.2 Armour
 - Level 1.5 Dodging
 - Level 1.1 Stealth


You had 6 spell levels left.
You didn't know any spells.
Your spell library was empty.

Inventory:

Hand Weapons
 g - a +0 longbow (weapon)
Armour
 b - a +0 ring mail (worn)
 k - a +0 pair of gloves (worn)
 p - a +0 helmet (worn)
Jewellery
 f - an amulet of faith (around neck)
 j - a +6 ring of dexterity (left hand)
 o - an amulet of reflection
Scrolls
 h - 2 scrolls of teleportation
Potions
 a - a potion of mutation
 c - a potion of attraction {unknown}
 e - a potion of enlightenment
 i - 2 potions of heal wounds
 l - 2 potions of curing
 m - a potion of haste {unknown}
 n - a potion of brilliance {unknown}

Dungeon Overview and Level Annotations

Branches:
Dungeon (5/15)
 Temple: D:4-7

Altars:
Kikubaaqudgha
Nemelex Xobeh
Ru
Sif Muna
Wu Jian

Shops:
D:2 *(!([   D:4 [


Message History

2824 ||| Stepping ~*~*~tactically~*~*~ (retreating).
An ogre comes into view. It is wielding a +0 giant club.
2825 ||| Stepping ~*~*~tactically~*~*~ (retreating).
The hound bites you but does no damage. The phantom attacks as it pursues you!
The phantom hits you but does no damage.
The gnoll hits you but does no damage.
2826 ||| Stepping ~*~*~tactically~*~*~ (retreating).
The gnoll hits you but does no damage. The hound closely misses you.
2827 ||| Stepping ~*~*~tactically~*~*~ (retreating).
The gnoll attacks as it pursues you! The gnoll barely misses you.
You shoot an arrow. The arrow closely misses the hound.
The arrow closely misses the phantom.
The arrow barely misses the gnoll.
The arrow hits the gnoll!
You kill the gnoll!
The hound closely misses you. The gnoll closely misses you.
The hound bites you but does no damage.
You shoot an arrow. The arrow misses the hound.
The arrow hits the phantom!
You destroy the phantom!
The hound bites you but does no damage. The gnoll hits you but does no damage.
The hound closely misses you. The gnoll closely misses you.
You shoot an arrow. The arrow hits the hound.
The hound is lightly wounded.
The gnoll is no longer moving quickly.
The hound bites you but does no damage. The hound closely misses you.
The gnoll hits you from afar with a +0 spear.
You shoot an arrow. The arrow closely misses the hound.
The arrow barely misses the gnoll.
The arrow hits the gnoll bouda.
The gnoll bouda is moderately wounded.
The gnoll is no longer moving quickly.
The hound bites you but does no damage. The hound barely misses you.
The gnoll misses you. The ogre hits you with a +0 giant club!
The hound bites you but does no damage.
A gnoll comes into view. It is wielding a +0 flail.
You shoot an arrow. The arrow misses the hound.
The arrow closely misses the gnoll.
The arrow completely misses the gnoll.
The arrow hits the gnoll but does no damage.
The gnoll is no longer moving quickly. x2
The hound stops to sniff the ground.
The hound closely misses you.
The ogre hits you with a +0 giant club!!
You die...

### ##.######### .
##..........#
....####.....####
........g.....####.#
....###.g..........#
. ####g#<..#####.g#
#.@hggg.#....g ..S.
#O##g#Sg...###


.gg #. #.#.....# ## .. ........# ##.##.#.....# #. #O#....># #. ..........
####.#.#..#### #.#..# You could see an ogre, a gnoll bouda, a hound, 6 gnolls
and an adder.

Vanquished Creatures
  A sky beast (D:4)
  A phantom (D:5)
  A gnoll bouda (D:4)
  A hound (D:2)
  Natasha (thrice) (D:3)
  4 gnolls
  5 adders
  5 worms
  3 dart slugs
  An orc (D:3)
  5 ball pythons
  2 endoplasms
  3 giant cockroaches
  3 hobgoblins
  6 jackals
  3 quokkas
  4 bats
  2 frilled lizards
  11 goblins
  8 kobolds
  A rat (D:3)
73 creatures vanquished.

Notes
Turn   | Place    | Note
-------+----------+-------------------------------------------
     0 | D:1      | qw the Gargoyle Hunter began the quest for the Orb.
     0 | D:1      | Reached XP level 1. HP: 12/12 MP: 1/1
     0 | D:1      | 0 ||| qw: Version: 0.3-a-106-gc739b70
     0 | D:1      | 0 ||| qw: Game counter: 1949
     0 | D:1      | 0 ||| qw: Melee chars always use a shield: true
     0 | D:1      | 0 ||| qw: God list: Okawaru
     0 | D:1      | 0 ||| qw: Allow faded altars: false
     0 | D:1      | 0 ||| qw: Do Orc after clearing Dungeon:15 true
     0 | D:1      | 0 ||| qw: Do second Lair branch before Depths: true
     0 | D:1      | 0 ||| qw: Lair rune preference: random
     0 | D:1      | 0 ||| qw: Goals: Normal, Save, Zot:1-4, Win
     0 | D:1      | 0 ||| PLANNING D:1-11
   149 | D:1      | Reached XP level 2. HP: 11/17 MP: 2/2
   193 | D:1      | Found a faded altar of an unknown god.
   335 | D:1      | Reached XP level 3. HP: 21/21 MP: 3/3
   571 | D:1      | 571 ||| READING 2 scrolls labelled PIOXOTSE JORHO.
   571 | D:1      | 571 ||| IDENTIFYING fizzy amethyst potion
   572 | D:1      | 572 ||| READING scroll of identify.
   572 | D:1      | 572 ||| IDENTIFYING golden potion
   573 | D:1      | 573 ||| READING scroll labelled VAUMEPRO JYURY.
   573 | D:1      | Identified a scroll of acquirement
   573 | D:1      | 573 ||| 573 ||| Offered manual of Air Magic
   573 | D:1      | 573 ||| 573 ||| Offered staff of Tartarus {rF+ Int+3 Fire}
   573 | D:1      | 573 ||| 573 ||| Offered +4 heavy shortbow
   573 | D:1      | 573 ||| 573 ||| Offered 466 gold pieces
   573 | D:1      | 573 ||| ACQUIRING +4 heavy shortbow
   573 | D:1      | Acquired a +4 heavy shortbow
   575 | D:1      | 575 ||| SWAPPING to +4 heavy shortbow.
   576 | D:1      | 576 ||| DROPPING +0 shortbow.
   577 | D:1      | 577 ||| READING scroll labelled VEREET REBAD.
   578 | D:1      | 578 ||| READING scroll labelled BAIRPH OTTIU.
   578 | D:1      | 578 ||| ENCHANTING +4 heavy shortbow.
   579 | D:1      | 579 ||| DROPPING scroll of butterflies.
   580 | D:1      | 580 ||| DROPPING potion of lignification.
   673 | D:2      | HP: 5/21 [goblin/+4 dagger (2)]
   789 | D:2      | Found Funy's Armour Shoppe.
   793 | D:2      | 793 ||| SHOPLISTING +0 pair of boots of Greed {rPois Str+2}
                  | (218 gold, have 60).
   793 | D:2      | 793 ||| SHOPLISTING +1 pair of boots of Generosity {MP+9}
                  | (389 gold, have 60).
   892 | D:2      | Found Famm's Antique Weapon Shop.
   941 | D:2      | Reached skill level 3 in Fighting
   953 | D:2      | Found Loppakli's General Store.
   962 | D:2      | 962 ||| SHOPLISTING potion of mutation (104 gold, have 78).
   962 | D:2      | 962 ||| BUYING scroll of teleportation (39 gold).
   962 | D:2      | Bought a scroll of teleportation for 39 gold pieces
   988 | D:2      | Found Qosereoj's Weapon Emporium.
  1023 | D:2      | Found Cidolexteeg's Distillery.
  1039 | D:2      | 1039 ||| SHOPLISTING 2 potions of enlightenment (100 gold,
                  | have 39).
  1039 | D:2      | 1039 ||| BUYING potion of curing (30 gold).
  1039 | D:2      | Bought a potion of curing for 30 gold pieces
  1039 | D:2      | 1039 ||| SHOPLISTING potion of haste (100 gold, have 9).
  1039 | D:2      | 1039 ||| SHOPLISTING potion of heal wounds (50 gold, have
                  | 9).
  1039 | D:2      | 1039 ||| SHOPLISTING potion of mutation (80 gold, have 9).
  1282 | D:2      | 1282 ||| UPGRADING to +0 ring mail.
  1292 | D:2      | 1292 ||| DROPPING +0 leather armour.
  1293 | D:2      | 1293 ||| UPGRADING to +0 pair of gloves.
  1298 | D:2      | 1298 ||| UPGRADING to +6 ring of dexterity.
  1299 | D:2      | 1299 ||| READING 2 scrolls of identify.
  1299 | D:2      | 1299 ||| IDENTIFYING fuming inky potion
  1300 | D:2      | 1300 ||| DRINKING potion of experience.
  1300 | D:2      | Reached skill level 11 in Armour
  1300 | D:2      | Reached XP level 4. HP: 28/28 MP: 4/4
  1301 | D:2      | 1301 ||| READING scroll of identify.
  1301 | D:2      | 1301 ||| IDENTIFYING dark potion
  1302 | D:2      | 1302 ||| DRINKING 3 amethyst potions.
  1303 | D:2      | 1303 ||| DROPPING potion of ambrosia.
  1367 | D:3      | 1367 ||| STAIRDANCE
  1369 | D:3      | 1369 ||| STAIRDANCE
  1373 | D:2      | Reached XP level 5. HP: 32/32 MP: 5/5
  1379 | D:3      | 1379 ||| STAIRDANCE
  1477 | D:3      | Noticed Natasha
  1479 | D:3      | Killed Natasha
  1913 | D:3      | Noticed Natasha
  1916 | D:3      | Killed Natasha
  1917 | D:3      | Reached XP level 6. HP: 37/37 MP: 6/6
  2041 | D:3      | Noticed Natasha
  2044 | D:3      | Killed Natasha
  2143 | D:3      | 2143 ||| UPGRADING to amulet of faith.
  2148 | D:3      | 2148 ||| READING 2 scrolls labelled RIYXZYGAPS.
  2149 | D:3      | 2149 ||| READING scroll labelled ILECVE FAN XORETI.
  2150 | D:3      | 2150 ||| DROPPING scroll of poison.
  2275 | D:4      | 2275 ||| SWAPPING to +0 longbow.
  2283 | D:4      | 2283 ||| DROPPING +5 heavy shortbow.
  2294 | D:4      | 2294 ||| Stepping ~*~*~tactically~*~*~ (retreating).
  2297 | D:4      | Noticed a sky beast
  2298 | D:4      | Reached skill level 6 in Ranged Weapons
  2315 | D:4      | Killed a sky beast
  2413 | D:4      | Found an ancient bone altar of Kikubaaqudgha.
  2415 | D:4      | Found a shimmering blue altar of Sif Muna.
  2439 | D:4      | Found a sacrificial altar of Ru.
  2440 | D:4      | Found a sparkling altar of Nemelex Xobeh.
  2447 | D:4      | Found an ornate altar of the Wu Jian Council.
  2563 | D:4      | Found Aguomp's Antique Armour Boutique.
  2567 | D:4      | 2567 ||| BUYING helmet (90 gold).
  2567 | D:4      | Bought a helmet for 90 gold pieces
  2567 | D:4      | 2567 ||| SHOPLISTING pair of boots (90 gold, have 28).
  2570 | D:4      | Reached XP level 7. HP: 43/43 MP: 7/7
  2782 | D:4      | 2782 ||| UPGRADING to +0 helmet.
  2787 | D:4      | 2787 ||| READING scroll of identify.
  2787 | D:4      | 2787 ||| IDENTIFYING glowing clear potion
  2812 | D:5      | Entered Level 5 of the Dungeon
  2813 | D:5      | 2813 ||| RETREEAATING.
  2814 | D:5      | 2814 ||| Stepping ~*~*~tactically~*~*~ (retreating).
  2815 | D:5      | 2815 ||| Stepping ~*~*~tactically~*~*~ (retreating).
  2817 | D:5      | 2817 ||| Stepping ~*~*~tactically~*~*~ (retreating).
  2818 | D:5      | 2818 ||| Stepping ~*~*~tactically~*~*~ (retreating).
  2819 | D:5      | 2819 ||| Stepping ~*~*~tactically~*~*~ (retreating).
  2822 | D:5      | 2822 ||| Stepping ~*~*~tactically~*~*~ (retreating).
  2823 | D:5      | 2823 ||| Stepping ~*~*~tactically~*~*~ (retreating).
  2824 | D:5      | 2824 ||| Stepping ~*~*~tactically~*~*~ (retreating).
  2825 | D:5      | 2825 ||| Stepping ~*~*~tactically~*~*~ (retreating).
  2826 | D:5      | 2826 ||| Stepping ~*~*~tactically~*~*~ (retreating).
  2827 | D:5      | 2827 ||| Stepping ~*~*~tactically~*~*~ (retreating).
  2832 | D:5      | Slain by an ogre

Levels and vault maps discovered:
D:1:      lightli_arrival_lavapool, layout_rooms,
          shapermc_ecumenical_altar_pompeii, hangedman_decor_clover_reticule,
          minmay_hedge_maze, nicolae_figureground_pulse
D:2:      layout_basic, serial_shops, nicolae_shop_waterfront, shop, shop, shop,
          shop_statue
D:3:      layout_loops_ring, corexii_leaking_fountain,
          minmay_fractal_squares_diagonal_5, uniq_natasha
D:4:      layout_gridville, nicolae_overflow_hidden_temple, serial_shops, shop
D:5:      layout_loops_ring

Skill      XL: |  1  2  3  4  5  6 |
---------------+-------------------+-----
Ranged Weapons | 5 6 |  6.2
Fighting       | 3 4 |  4.0
Armour         | 11 | 11.2
Dodging        | |  1.5
Stealth        | |  1.1

Action                     |  1- 3 |  4- 6 |  7- 9 || total
---------------------------+-------+-------+-------++-------
   Fire: Shortbow          |   109 |    54 |       ||   163
         Longbow           |       |    33 |     9 ||    42
    Use: Scroll            |     6 |     3 |     1 ||    10
         Potion            |     1 |     1 |       ||     2
 Armour: Leather armour    |    40 |       |       ||    40
         Ring mail         |       |    61 |    21 ||    82
  Dodge: Dodged            |    43 |    45 |    14 ||   102

Table legend:
 A = Non-vault XP
 B = Vault XP
 C = Vault XP percentage of total XP
 D = Non-vault monster count
 E = Vault monster count
 F = Vault count percentage of total count
                 A         B        C        D         E       F
            +---------+---------+-------+---------+---------+-------
      Total |     597 |      70 |  10.5 |      64 |       9 |  12.3
            +---------+---------+-------+---------+---------+-------
        D:1 |      35 |       0 |   0.0 |      18 |       0 |   0.0
        D:2 |      85 |       0 |   0.0 |      20 |       0 |   0.0
        D:3 |     115 |      70 |  37.8 |      11 |       9 |  45.0
        D:4 |     245 |       0 |   0.0 |      13 |       0 |   0.0
        D:5 |     117 |       0 |   0.0 |       2 |       0 |   0.0
            +---------+---------+-------+---------+---------+-------
